[ PARTIDA AOE2 · #506700548 ]
UnrankedBohemios vs Koreans
Equipo del jugador · DERR
Equipo rival · VICT
[ ANÁLISIS DE REPETICIÓN · EXTRAÍDO DE LA PARTIDA GRABADA ]
Feudal
10:33
Castillos
14:24
Imperial
38:14
| APM promedio | 46.2 |
| APM pico | 77 |
| eAPM promedio | 27.2 |
| Aldeanos / militares | 185 / 85 |
Foco
⚔️ 30.8% · 🌾 69.2%
Hussite Wagon ×23 · Knight ×19 · Bombard Cannon ×18 · Monk ×16 · Scout Cavalry ×5 · Mangonel ×2
Feudal
8:32
Castillos
25:04
Imperial
38:21
| APM promedio | 45.4 |
| APM pico | 88 |
| eAPM promedio | 24.5 |
| Aldeanos / militares | 149 / 58 |
Foco
⚔️ 27.1% · 🌾 72.9%
Trebuchet (Packed) ×14 · Scout Cavalry ×13 · Fire Lancer ×8 · Iron Pagoda ×7 · Monk ×5 · Bombard Cannon ×5
Mapa de la partida
Recursos iniciales + cada clic de construcción. Líneas = muros · curvas = relieve. ◆ oro · ⬟ piedra · ● bayas · ✦ reliquia · ◌ hueco del cierre
Tu base· ✓ Cerrada en 14:24 · 3t muro · 2 puerta(s)
Base de Full Random enjoyer· ✓ Cerrada en 25:04 · 6t muro · 2 puerta(s)
Terreno inicial suavizado · ◌ = hueco del cierre detectado · pasá el cursor para detalles
Inputs por minuto
— ČÁVO JUAN - - Full Random enjoyer
Build order — ČÁVO JUAN
Primeras 150 de 434 acciones detectadas
| 0:00 | Encolar | Villager (Male) |
| 0:01 | Encolar | Villager (Male) |
| 0:03 | Construir | House |
| 0:04 | Construir | House |
| 0:27 | Encolar | Villager (Male) |
| 0:55 | Encolar | Villager (Male) |
| 0:56 | Encolar | Villager (Male) |
| 1:23 | Encolar | Villager (Male) |
| 1:41 | Encolar | Villager (Male) |
| 1:41 | Encolar | Villager (Male) |
| 1:45 | Construir | Lumber Camp |
| 2:17 | Encolar | Villager (Male) |
| 2:18 | Encolar | Villager (Male) |
| 2:57 | Encolar | Villager (Male) |
| 3:04 | Encolar | Villager (Male) |
| 3:04 | Encolar | Villager (Male) |
| 3:13 | Encolar | Villager (Male) |
| 3:13 | Encolar | Villager (Male) |
| 3:47 | Construir | House |
| 3:48 | Construir | House |
| 4:11 | Encolar | Villager (Male) |
| 4:19 | Encolar | Villager (Male) |
| 4:19 | Encolar | Villager (Male) |
| 4:19 | Encolar | Villager (Male) |
| 4:47 | Construir | House |
| 5:21 | Construir | Mill |
| 5:25 | Encolar | Villager (Male) |
| 5:41 | Encolar | Villager (Male) |
| 6:13 | Encolar | Villager (Male) |
| 6:34 | Encolar | Villager (Male) |
| 6:52 | Construir | Mining Camp |
| 7:00 | Encolar | Villager (Male) |
| 7:03 | Encolar | Villager (Male) |
| 7:03 | Encolar | Villager (Male) |
| 8:11 | Investigar | Feudal Age |
| 9:48 | Encolar | Villager (Male) |
| 9:49 | Investigar | Loom |
| 10:33 | Edad | Edad Feudal |
| 10:37 | Construir | Blacksmith |
| 10:44 | Construir | Market |
| 10:47 | Construir | House |
| 10:51 | Construir | House |
| 10:57 | Construir | Palisade Wall |
| 11:00 | Construir | Palisade Wall |
| 11:07 | Construir | House |
| 11:17 | Construir | House |
| 11:34 | Construir | House |
| 11:35 | Construir | House |
| 11:38 | Construir | Palisade Wall |
| 11:45 | Investigar | Castle Age |
| 11:45 | Investigar | Castle Age |
| 13:15 | Construir | Mining Camp |
| 13:23 | Construir | Farm |
| 13:23 | Construir | Farm |
| 14:02 | Encolar | Villager (Male) |
| 14:11 | Investigar | Double-Bit Axe |
| 14:24 | Edad | Edad de los Castillos |
| 14:26 | Construir | Siege Workshop |
| 14:36 | Encolar | Villager (Male) |
| 15:03 | Encolar | Mangonel |
| 15:21 | Encolar | Villager (Male) |
| 15:22 | Encolar | Villager (Male) |
| 15:34 | Construir | Farm |
| 15:39 | Construir | Farm |
| 16:08 | Encolar | Villager (Male) |
| 16:26 | Encolar | Mangonel |
| 16:48 | Construir | Castle |
| 17:21 | Encolar | Villager (Male) |
| 18:18 | Construir | Farm |
| 18:19 | Construir | Farm |
| 18:22 | Construir | Farm |
| 18:23 | Construir | Farm |
| 18:31 | Construir | Mining Camp |
| 18:59 | Encolar | Villager (Male) |
| 18:59 | Encolar | Villager (Male) |
| 20:08 | Encolar | Villager (Male) |
| 20:19 | Encolar | Villager (Male) |
| 20:59 | Encolar | Villager (Male) |
| 21:04 | Construir | Farm |
| 21:22 | Encolar | Hussite Wagon |
| 21:22 | Encolar | Hussite Wagon |
| 21:22 | Encolar | Hussite Wagon |
| 21:50 | Encolar | Villager (Male) |
| 21:50 | Encolar | Villager (Male) |
| 21:52 | Construir | Monastery |
| 22:10 | Encolar | Battering Ram |
| 22:25 | Encolar | Hussite Wagon |
| 22:25 | Encolar | Hussite Wagon |
| 22:30 | Encolar | Villager (Male) |
| 22:30 | Encolar | Villager (Male) |
| 22:30 | Encolar | Villager (Male) |
| 22:58 | Encolar | Monk |
| 23:10 | Encolar | Hussite Wagon |
| 23:36 | Encolar | Battering Ram |
| 23:37 | Encolar | Villager (Male) |
| 23:47 | Construir | Farm |
| 23:49 | Construir | Farm |
| 24:11 | Construir | Stone Wall |
| 24:13 | Encolar | Villager (Male) |
| 24:13 | Encolar | Villager (Male) |
| 24:44 | Encolar | Villager (Male) |
| 24:45 | Encolar | Villager (Male) |
| 24:58 | Construir | Town Center |
| 25:20 | Encolar | Villager (Male) |
| 25:20 | Encolar | Villager (Male) |
| 25:34 | Encolar | Villager (Male) |
| 25:34 | Encolar | Villager (Male) |
| 25:52 | Encolar | Villager (Male) |
| 25:53 | Encolar | Villager (Male) |
| 26:05 | Construir | Town Center |
| 26:13 | Construir | Farm |
| 26:21 | Encolar | Monk |
| 26:37 | Construir | Farm |
| 26:37 | Construir | Farm |
| 26:37 | Construir | Farm |
| 26:42 | Encolar | Villager (Male) |
| 26:43 | Encolar | Villager (Male) |
| 26:43 | Encolar | Villager (Male) |
| 27:06 | Encolar | Villager (Male) |
| 27:06 | Encolar | Villager (Male) |
| 27:14 | Construir | Farm |
| 27:14 | Construir | Farm |
| 27:15 | Construir | Farm |
| 27:18 | Construir | Farm |
| 27:18 | Construir | Farm |
| 27:19 | Construir | Farm |
| 27:34 | Encolar | Villager (Male) |
| 27:35 | Encolar | Villager (Male) |
| 27:35 | Encolar | Villager (Male) |
| 27:38 | Encolar | Villager (Male) |
| 27:41 | Construir | Barracks |
| 27:55 | Construir | Farm |
| 27:55 | Construir | Farm |
| 28:09 | Construir | Farm |
| 28:09 | Encolar | Villager (Male) |
| 28:10 | Encolar | Villager (Male) |
| 28:10 | Encolar | Villager (Male) |
| 28:27 | Construir | Stable |
| 28:29 | Encolar | Villager (Male) |
| 28:47 | Investigar | Redemption |
| 28:48 | Encolar | Villager (Male) |
| 28:49 | Encolar | Villager (Male) |
| 28:49 | Encolar | Villager (Male) |
| 28:56 | Construir | Stable |
| 29:00 | Encolar | Villager (Male) |
| 29:00 | Encolar | Villager (Male) |
| 29:01 | Construir | Farm |
| 29:08 | Construir | Lumber Camp |
| 29:20 | Encolar | Villager (Male) |
| 29:20 | Encolar | Villager (Male) |
Build order — Full Random enjoyer
Primeras 150 de 384 acciones detectadas
| 0:00 | Encolar | Villager (Male) |
| 0:01 | Encolar | Villager (Male) |
| 0:01 | Encolar | Villager (Male) |
| 0:02 | Construir | House |
| 0:03 | Construir | House |
| 0:12 | Encolar | Villager (Male) |
| 1:31 | Encolar | Villager (Male) |
| 1:31 | Encolar | Villager (Male) |
| 1:48 | Encolar | Villager (Male) |
| 2:08 | Encolar | Villager (Male) |
| 2:20 | Construir | Lumber Camp |
| 2:37 | Construir | House |
| 2:42 | Encolar | Villager (Male) |
| 2:43 | Encolar | Villager (Male) |
| 3:29 | Encolar | Villager (Male) |
| 3:53 | Encolar | Villager (Male) |
| 3:53 | Encolar | Villager (Male) |
| 4:11 | Encolar | Villager (Male) |
| 4:12 | Encolar | Villager (Male) |
| 4:32 | Encolar | Villager (Male) |
| 4:49 | Encolar | Villager (Male) |
| 4:49 | Encolar | Villager (Male) |
| 4:50 | Encolar | Villager (Male) |
| 5:29 | Encolar | Villager (Male) |
| 5:42 | Investigar | Loom |
| 5:49 | Construir | Mill |
| 6:22 | Investigar | Feudal Age |
| 7:25 | Encolar | Villager (Male) |
| 7:33 | Construir | Mining Camp |
| 7:51 | Encolar | Villager (Male) |
| 8:28 | Encolar | Villager (Male) |
| 8:32 | Edad | Edad Feudal |
| 8:32 | Construir | House |
| 8:44 | Construir | Watch Tower |
| 8:48 | Encolar | Villager (Male) |
| 9:12 | Encolar | Villager (Male) |
| 9:40 | Construir | Watch Tower |
| 9:49 | Encolar | Villager (Male) |
| 10:03 | Encolar | Villager (Male) |
| 10:42 | Encolar | Villager (Male) |
| 10:57 | Investigar | Double-Bit Axe |
| 11:03 | Investigar | Stone Mining |
| 11:05 | Encolar | Villager (Male) |
| 11:34 | Construir | Outpost |
| 11:36 | Encolar | Villager (Male) |
| 11:44 | Construir | House |
| 11:49 | Investigar | Town Watch |
| 11:57 | Construir | Outpost |
| 12:01 | Construir | Outpost |
| 12:13 | Construir | Watch Tower |
| 12:26 | Encolar | Villager (Male) |
| 12:26 | Encolar | Villager (Male) |
| 12:46 | Encolar | Villager (Male) |
| 12:56 | Encolar | Villager (Male) |
| 12:59 | Construir | House |
| 13:17 | Construir | Blacksmith |
| 13:20 | Encolar | Villager (Male) |
| 13:28 | Encolar | Villager (Male) |
| 13:32 | Construir | Palisade Wall |
| 13:34 | Construir | Palisade Wall |
| 13:35 | Construir | Palisade Wall |
| 13:35 | Construir | Palisade Wall |
| 13:36 | Construir | Palisade Wall |
| 13:37 | Construir | Palisade Wall |
| 13:57 | Encolar | Villager (Male) |
| 13:58 | Encolar | Villager (Male) |
| 14:20 | Encolar | Villager (Male) |
| 14:22 | Construir | House |
| 14:26 | Construir | Lumber Camp |
| 14:55 | Construir | Watch Tower |
| 15:02 | Encolar | Villager (Male) |
| 15:07 | Investigar | Fletching |
| 15:09 | Encolar | Villager (Male) |
| 15:11 | Construir | House |
| 15:12 | Construir | House |
| 15:22 | Construir | Watch Tower |
| 15:31 | Construir | Farm |
| 15:33 | Investigar | Horse Collar |
| 15:36 | Construir | House |
| 15:39 | Construir | House |
| 15:48 | Encolar | Villager (Male) |
| 16:57 | Encolar | Villager (Male) |
| 17:01 | Construir | Farm |
| 17:02 | Construir | Farm |
| 17:03 | Construir | Farm |
| 17:04 | Construir | Farm |
| 17:32 | Encolar | Villager (Male) |
| 17:34 | Construir | Farm |
| 17:34 | Construir | Farm |
| 17:37 | Construir | Farm |
| 17:38 | Construir | Farm |
| 17:43 | Construir | Farm |
| 17:44 | Construir | Farm |
| 17:45 | Construir | Farm |
| 18:02 | Construir | Watch Tower |
| 18:13 | Encolar | Villager (Male) |
| 18:24 | Construir | Farm |
| 18:25 | Construir | Farm |
| 18:26 | Construir | Farm |
| 18:27 | Encolar | Villager (Male) |
| 18:31 | Construir | Farm |
| 18:32 | Encolar | Villager (Male) |
| 18:48 | Construir | Watch Tower |
| 20:05 | Encolar | Villager (Male) |
| 20:05 | Encolar | Villager (Male) |
| 20:07 | Encolar | Villager (Male) |
| 20:10 | Construir | Farm |
| 20:12 | Construir | Farm |
| 20:13 | Construir | Farm |
| 20:48 | Encolar | Villager (Male) |
| 20:53 | Construir | Mining Camp |
| 20:56 | Construir | Market |
| 21:14 | Construir | Watch Tower |
| 21:21 | Construir | Mining Camp |
| 21:22 | Encolar | Villager (Male) |
| 21:30 | Construir | Farm |
| 21:56 | Construir | Outpost |
| 21:56 | Construir | Outpost |
| 21:57 | Construir | Outpost |
| 21:59 | Construir | Outpost |
| 22:24 | Investigar | Castle Age |
| 22:53 | Construir | Barracks |
| 23:24 | Investigar | Gold Mining |
| 24:11 | Encolar | Villager (Male) |
| 24:11 | Encolar | Villager (Male) |
| 24:32 | Encolar | Villager (Male) |
| 24:46 | Investigar | Wheelbarrow |
| 24:46 | Encolar | Villager (Male) |
| 25:04 | Edad | Edad de los Castillos |
| 25:08 | Construir | Siege Workshop |
| 25:15 | Construir | Monastery |
| 25:31 | Encolar | Villager (Male) |
| 25:31 | Encolar | Villager (Male) |
| 25:48 | Encolar | Iron Pagoda |
| 25:53 | Investigar | Town Patrol |
| 25:58 | Encolar | Monk |
| 26:09 | Investigar | Bow Saw |
| 26:10 | Encolar | Villager (Male) |
| 26:11 | Encolar | Villager (Male) |
| 26:20 | Encolar | Villager (Male) |
| 26:54 | Construir | Castle |
| 26:56 | Construir | Mining Camp |
| 26:59 | Encolar | Monk |
| 27:33 | Encolar | Iron Pagoda |
| 27:37 | Encolar | Villager (Male) |
| 27:38 | Encolar | Villager (Male) |
| 27:40 | Encolar | Monk |
| 27:46 | Encolar | Villager (Male) |
| 28:17 | Encolar | Villager (Male) |
| 28:22 | Encolar | Villager (Male) |
Cronología de la partida
| 8:32 | Full Random enjoyer · age_up feudal |
| 10:33 | ČÁVO JUAN · age_up feudal |
| 10:57 | ČÁVO JUAN · wall_segment Palisade Wall x1 |
| 11:00 | ČÁVO JUAN · wall_segment Palisade Wall x1 |
| 11:38 | ČÁVO JUAN · wall_segment Palisade Wall x1 |
| 13:32 | Full Random enjoyer · wall_segment Palisade Wall x1 |
| 13:34 | Full Random enjoyer · wall_segment Palisade Wall x1 |
| 13:35 | Full Random enjoyer · wall_segment Palisade Wall x1 |
| 13:35 | Full Random enjoyer · wall_segment Palisade Wall x1 |
| 13:36 | Full Random enjoyer · wall_segment Palisade Wall x1 |
| 13:37 | Full Random enjoyer · wall_segment Palisade Wall x1 |
| 14:24 | ČÁVO JUAN · age_up castle |
| 14:26 | ČÁVO JUAN · first_building Siege Workshop |
| 14:57 | ČÁVO JUAN · first_market_sell 100 food |
| 16:41 | ČÁVO JUAN · first_market_buy 100 stone |
| 16:48 | ČÁVO JUAN · first_building Castle |
| 21:52 | ČÁVO JUAN · first_building Monastery |
| 22:22 | Full Random enjoyer · first_market_sell 100 food |
| 22:53 | Full Random enjoyer · first_building Barracks |
| 24:11 | ČÁVO JUAN · wall_segment Stone Wall x1 |
| 25:04 | Full Random enjoyer · age_up castle |
| 25:08 | Full Random enjoyer · first_building Siege Workshop |
| 25:15 | Full Random enjoyer · first_building Monastery |
| 26:54 | Full Random enjoyer · first_building Castle |
| 27:41 | ČÁVO JUAN · first_building Barracks |
| 28:27 | ČÁVO JUAN · first_building Stable |
| 29:19 | Full Random enjoyer · first_market_buy 100 stone |
| 38:14 | ČÁVO JUAN · age_up imperial |
| 38:21 | Full Random enjoyer · age_up imperial |
| 41:59 | ČÁVO JUAN · wall_segment Stone Wall x1 |
| 46:43 | Full Random enjoyer · first_building Stable |
| 51:00 | ČÁVO JUAN · resign |
[ ANÁLISIS IA · 1 CRÉDITO ]
¿Qué pasó realmente en esta partida?
Wolo.gg analiza cada decisión: build order, eco, micro, errores típicos por bracket. Análisis personalizado por WhatsApp o Discord en 30 segundos.
Guía civ
Bohemios
Perfil
ČÁVO JUAN